 Dungeon Crawl Stone Soup version 0.27.0-1-g7a089689b8 (webtiles) character file.

Game seed: 12217750301870110175

652 RepHenryClay the Cleaver (level 7, -13/57 HPs)
             Began as a Hill Orc Fighter on Aug 3, 2021.
             Mangled by an ogre (31 damage)
             ... on level 4 of the Dungeon.
             The game lasted 00:05:20 (3840 turns).

RepHenryClay the Cleaver (Hill Orc Fighter)         Turns: 3840, Time: 00:05:21

Health: -13/57     AC:  5    Str: 21    XL:     7   Next: 54%
Magic:  7/7        EV:  5    Int:  8    God:
Gold:   167        SH:  9    Dex: 10    Spells: 6/6 levels left

rFire    . . .     SeeInvis .   a - +0 war axe
rCold    . . .     Faith    .   c - +0 kite shield
rNeg     . . .     Spirit   .   k - +0 chain mail
rPois    +         Reflect  .   (no helmet)
rElec    .         Harm     .   (no cloak)
rCorr    .         Rampage  .   (no gloves)
Will     .....                  (no boots)
Stlth    ..........             (no amulet)
HPRegen  0.19/turn              b - ring of poison resistance
MPRegen  0.10/turn              (no ring)

@: no status effects
A: deformed body, mutation resistance 1
a: no special abilities


You were on level 4 of the Dungeon.
You visited 1 branch of the dungeon, and saw 4 of its levels.

You collected 167 gold pieces.

Inventory:

Hand Weapons
 a - a +0 war axe (weapon)
Armour
 c - a +0 kite shield (worn)
 k - a +0 chain mail (worn)
Jewellery
 b - a ring of poison resistance (left hand)
 m - a ring of fire
Scrolls
 f - 2 scrolls of teleportation {unknown}
 i - 2 scrolls of blinking {unknown}
 j - 2 scrolls of identify {unknown}
 l - a scroll of magic mapping {unknown}
 o - a scroll of torment {unknown}
Potions
 h - a potion of lignification


   Skills:
 - Level 3.6 Fighting
 + Level 10.6 Axes
 - Level 3.2 Armour
 - Level 3.2 Shields


You had 6 spell levels left.
You didn't know any spells.
Your spell library was empty.

Dungeon Overview and Level Annotations

Branches:
Dungeon (4/15)
 Temple: D:4-7

Altars:
Okawaru


Innate Abilities, Weirdness & Mutations

Armour fits poorly on your strangely shaped body.
You are somewhat resistant to further mutation.


Message History

A worm comes into view.
You block the worm's attack.
Found a stone staircase leading down.
Your shield prevents you from hitting the worm.
You block the worm's attack.
You slash the worm!
The worm is severely wounded.
You block the worm's attack.
You slash the worm!
You kill the worm!
No target in view!
No target in view!
You see here a worm corpse.
Found a leather armour.
There is a stone staircase leading down here.
An ogre comes into view. It is wielding a +0 giant spiked club.
The ogre shouts!
Found a glowing robe.
You barely miss the ogre. You block the ogre's attack.
You closely miss the ogre.
The ogre hits you with a +0 giant spiked club!!
You slash the ogre!
The ogre is heavily wounded.
You block the ogre's attack.
Unknown command.
You hit the ogre.
The ogre is severely wounded.
You block the ogre's attack.
You closely miss the ogre.
The ogre is severely wounded.
You block the ogre's attack.
You hit the ogre.
The ogre is severely wounded.
The ogre hits you with a +0 giant spiked club!!
Unknown command.
You closely miss the ogre.
The ogre is severely wounded.
The ogre hits you with a +0 giant spiked club!!
Ouch! That really hurt!
You die...

######### ##.#
#.......# #.#
#.#####.# #.#
#.#...#.####.#
#.....#......#
###.##########
#.# #.# #@#
########O#
...[.....#
##########


You could see an ogre.

Vanquished Creatures
  Sigmund (D:2)
  2 phantoms (D:4)
  A centaur skeleton (D:4)
  2 orc priests (D:4)
  3 orc wizards
  Terence (D:3)
  3 adders
  An ufetubus (D:4)
  3 worms
  2 dart slugs (D:1)
  17 orcs
  2 bats (D:1)
  8 endoplasms
  4 giant cockroaches
  3 goblins
  7 hobgoblins
  10 jackals
  8 kobolds
  3 quokkas
  6 ball pythons
  10 frilled lizards
  5 rats
102 creatures vanquished.

Notes
Turn   | Place    | Note
-------+----------+-------------------------------------------
     0 | D:1      | RepHenryClay the Hill Orc Fighter began the quest for the
                  | Orb.
     0 | D:1      | Reached XP level 1. HP: 19/19 MP: 1/1
    21 | D:1      | Reached skill level 3 in Axes
    29 | D:1      | Reached XP level 2. HP: 11/26 MP: 2/2
    35 | D:1      | Reached skill level 4 in Axes
   527 | D:1      | Found a faded altar of an unknown god.
   579 | D:1      | Reached XP level 3. HP: 29/31 MP: 3/3
   933 | D:1      | Reached skill level 5 in Axes
  1584 | D:2      | Found an iron altar of Okawaru.
  1683 | D:2      | Reached XP level 4. HP: 34/39 MP: 4/4
  2011 | D:2      | Noticed Sigmund
  2021 | D:2      | Killed Sigmund
  2022 | D:2      | Reached skill level 8 in Axes
  2022 | D:2      | Reached XP level 5. HP: 33/45 MP: 5/5
  2022 | D:2      | Reached XP level 6. HP: 37/51 MP: 6/6
  2463 | D:3      | Noticed Terence
  2481 | D:3      | Killed Terence
  3413 | D:4      | Reached skill level 9 in Axes
  3489 | D:4      | Gained mutation: You are somewhat resistant to further
                  | mutation. [potion of mutation]
  3489 | D:4      | Gained mutation: Armour fits poorly on your strangely
                  | shaped body. [potion of mutation]
  3496 | D:4      | Reached XP level 7. HP: 14/57 MP: 7/7
  3497 | D:4      | Reached skill level 10 in Axes
  3840 | D:4      | Mangled by an ogre

Illustrated notes

Levels and vault maps discovered:
D:1:      dpeg_arrival_pits, layout_loops_ring,
          shapermc_ecumenical_altar_totnotflames
D:2:      layout_loops_corners, basic_altar, uniq_sigmund
D:3:      layout_basic, st_stairs_5, kennysheep_minor_cross, grunt_ministairs_3,
          uniq_terence
D:4:      layout_basic, grunt_temple_overflow_open

Skill      XL: |  1  2  3  4  5  6  7 |
---------------+----------------------+-----
Axes           | 3 4 5 8 9 10 | 10.6
Fighting       | |  3.6
Armour         | |  3.2
Shields        | |  3.2

Action                   |  1- 3 |  4- 6 |  7- 9 || total
-------------------------+-------+-------+-------++-------
Melee: War axe           |   126 |   147 |    28 ||   301
  Use: Potion            |     1 |     6 |       ||     7
Armor: Scale mail        |    56 |       |       ||    56
       Chain mail        |       |    61 |     2 ||    63
       Skin              |       |    15 |    20 ||    35
Dodge: Dodged            |    46 |    33 |     3 ||    82
Block: Kite shield       |    73 |    73 |    13 ||   159
